 Dungeon Crawl Stone Soup version 0.17.0-23-g0de4337 (console) character file.

130 gw the Insei (level 5, -1/28 HPs)
             Began as a Vine Stalker Monk on Nov 14, 2015.
             Was a Believer of Qazlal.
             Slain by a scorpion (4 damage)
             ... on level 4 of the Dungeon.
             The game lasted 00:08:42 (3668 turns).

gw the Insei (Vine Stalker Monk)                    Turns: 3668, Time: 00:08:42

Health: -1/28      AC:  7    Str: 13    XL:     5   Next: 14%
Magic:  0/6        EV: 12    Int: 10    God:    Qazlal [**....]
Gold:   153        SH:  3    Dex: 18    Spells: 0 memorised, 4 levels left

rFire  . . .     SeeInvis .       - Unarmed
rCold  . . .     Clarity  .     f - +1 ring mail
rNeg   . . .     SustAt   .     (no shield)
rPois  .         Gourm    .     (no helmet)
rElec  .         Spirit   +     d - +0 cloak
rCorr  .         Warding  .     (no gloves)
rMut   .         Stasis   .     (no boots)
MR     .....                    (no amulet)
Stlth  +.........               (no ring)
                                (no ring)

@: lethally poisoned (-1 -> -8), not resistant to hostile enchantments, very
unstealthy
A: fangs 2, regeneration 1, magic shield, antimagic bite, no device heal 3, rot
immunity
a: Upheaval, Renounce Religion


You were on level 4 of the Dungeon.
You worshipped Qazlal.
Qazlal was pleased with you.
You were hungry.

You visited 1 branch of the dungeon, and saw 4 of its levels.

You collected 153 gold pieces.

Inventory:

Missiles
 c - 21 poisoned needles
 h - 139 stones (quivered)
Armour
 d - a +0 cloak (worn)
 f - a +1 ring mail (worn)
Scrolls
 a - 4 scrolls of remove curse
 e - 2 scrolls of identify
 g - a scroll of amnesia
 l - a scroll of fog
Comestibles
 b - 2 bread rations
 i - a beef jerky
 j - a meat ration


   Skills:
 + Level 3.3 Fighting
 + Level 2.0 Throwing
 + Level 2.9 Dodging
 - Level 2.4 Stealth
 + Level 4.6 Unarmed Combat
 * Level 1.2 Invocations


You had 4 spell levels left.
You didn't know any spells.

Dungeon Overview and Level Annotations

Branches:
Dungeon (4/15)
 Temple: D:4-7

Altars:
Ashenzari
Elyvilon
Gozag
Okawaru
Qazlal


Innate Abilities, Weirdness & Mutations

You have extremely sharp teeth.
Your natural rate of healing is unusually fast.
When hurt, damage is shared between your health and your magic reserves.
Your bite disrupts and absorbs the magic of your enemies.
Potions and wands cannot restore your health.
You are immune to rotting.


Message History

Your bite misses the scorpion.
The scorpion is severely wounded.
The giant gecko skeleton bites you but does no damage.
The scorpion closely misses you.
ATTACKING (-1,0)
You hit the scorpion but do no damage.
You bite the scorpion, but do no damage.
The scorpion is severely wounded.
The giant gecko skeleton bites you but does no damage.
The scorpion stings you.
You are lethally poisoned!
The scorpion poisons you!
A jackal comes into view.
ATTACKING (-1,0)
You barely miss the scorpion. Your bite misses the scorpion.
The scorpion is severely wounded.
You feel sick.
The giant gecko skeleton bites you but does no damage.
The scorpion stings you!
You die...

##.###.#.# ###
....h...###...
##.#####.#.#..
..# ##.##.#
### #.##.#
#.##.# #.##.#
#.##.#####
#.!h..hsf#
####.###Z# #.#
.l.# #.##...#
#.##...#
#.......
#........
#........ ####


You could see a scorpion, an iguana, 2 jackals and a giant gecko skeleton.

Table legend:
 A = Turns spent in this place as a percentage of turns spent in the entire game.
 B = Non-inter-level travel turns spent in this place as a percentage of non-inter-level travel turns spent in the entire game.
 C = Inter-level travel turns spent in this place as a percentage of turns spent in this place.
 D = Turns resting spent in this place as a percentage of non-inter-level travel turns spent in this place.
 E = Turns spent auto-exploring this place as a percentage of non-inter-level travel turns spent in this place.
 F = Non-inter-level travel turns spent in this place divided by the number of levels of this place that you've seen.
                   A       B       C       D       E      F
               +-------+-------+-------+-------+-------+----------------------
         Total | 100.0 | 100.0 |   0.1 |   0.4 |   1.5 | 1972.5
       Dungeon | 100.0 | 100.0 |   0.1 |   0.4 |   1.5 | 1972.5
               +-------+-------+-------+-------+-------+----------------------

Table legend:
 A = Kills in this place as a percentage of kills in entire the game.
 B = Kills by you in this place as a percentage of kills by you in the entire game.
 C = Kills by friends in this place as a percentage of kills by friends in the entire game.
 D = Other kills in this place as a percentage of other kills in the entire game.
 E = Experience gained in this place as a percentage of experience gained in the entire game.
 F = Experience gained in this place divided by the number of levels of this place that you have seen.
                   A       B       C       D       E      F
               +-------+-------+-------+-------+-------+----------------------
         Total | 100.0 | 100.0 |  -nan |  -nan | 100.0 |  46.8
       Dungeon | 100.0 | 100.0 |  -nan |  -nan | 100.0 |  46.8
               +-------+-------+-------+-------+-------+----------------------

Vanquished Creatures
  2 adders
  A gnoll (D:1)
  3 worms (D:2)
  12 orcs (D:3)
  7 goblins
  10 hobgoblins
  8 kobolds
  2 quokkas
  2 ball pythons
  6 bats
  2 giant cockroaches
  4 giant geckos
  3 giant newts
  6 jackals
  8 rats
76 creatures vanquished.

Vanquished Creatures (others)
  A quokka (D:3)
1 creature vanquished.

Grand Total: 77 creatures vanquished

Notes
Turn   | Place    | Note
--------------------------------------------------------------
     0 | D:1      | gw the Vine Stalker Monk began the quest for the Orb.
     0 | D:1      | Reached XP level 1. HP: 11/11 MP: 2/2
   236 | D:1      | Reached XP level 2. HP: 11/16 MP: 3/3
   402 | D:1      | Reached skill level 1 in Throwing
   454 | D:1      | Reached XP level 3. HP: 11/20 MP: 2/4
  1261 | D:2      | Reached XP level 4. HP: 22/24 MP: 5/5
  2480 | D:2      | Found an opulent altar of Gozag.
  2503 | D:2      | Found a stormy altar of Qazlal.
  2511 | D:2      | Became a worshipper of Qazlal Stormbringer
  2511 | D:2      | Reached * piety under Qazlal
  2511 | D:2      | Reached ** piety under Qazlal
  2877 | D:3      | Found an opulent altar of Gozag.
  2878 | D:3      | Found a shattered altar of Ashenzari.
  3068 | D:3      | Reached skill level 1 in Invocations
  3179 | D:3      | Found an iron altar of Okawaru.
  3266 | D:3      | Reached XP level 5. HP: 28/28 MP: 6/6
  3357 | D:3      | Found a white marble altar of Elyvilon.
  3668 | D:4      | Slain by a scorpion

Action                   |  1- 3 |  4- 6 || total
-------------------------+-------+-------++-------
Melee: Unarmed           |   106 |   161 ||   267
Throw: Stone             |    32 |   221 ||   253
  Use: Potion            |     3 |     2 ||     5
       Scroll            |     3 |     4 ||     7
 Stab: Distracted        |     1 |       ||     1
  Eat: Chunk             |     1 |     3 ||     4
       Bread ration      |       |     1 ||     1

Vault maps used:
D:1:      lightli_arrival_quake, minmay_close_crescents
D:2:      nicolae_qazlal_eye_of_the_storm,
          nicolae_gozag_cash_rules_everything_around_me
D:3:      okawaru_ov_weapons_minmay, lemuel_crystal_altar,
          cheibrodos_ashenzari_chains, elyvilon_altar_4
D:4:      kennysheep_mini_moat
